 Dungeon Crawl Stone Soup version 0.26-a0-259-g1effd001a9 (webtiles) character file.

Game seed: 15547625163005808469

60 HoaS the Twirler (level 4, 0/28 HPs)
             Began as a Gargoyle Gladiator on July 19, 2020.
             Slain by a gnoll
             ... wielding a +0 flail
              (4 damage)
             ... on level 2 of the Dungeon.
             The game lasted 00:02:48 (691 turns).

HoaS the Twirler (Gargoyle Gladiator)                Turns: 691, Time: 00:02:49

Health: 0/28       AC:  9    Str: 17    XL:     4   Next: 6%
Magic:  4/4        EV: 11    Int:  9    God:
Gold:   32         SH:  0    Dex: 12    Spells: 3/3 levels left

rFire    . . .     SeeInvis .   a - +0 quarterstaff
rCold    . . .     Faith    .   (shield currently unavailable)
rNeg     + . .     Spirit   .   g - +0 ring mail
rPois    ∞         Reflect  .   c - +0 helmet
rElec    +         Harm     .   (no cloak)
rCorr    .                      (no gloves)
MR       .....                  (no boots)
Stlth    +.........             (no amulet)
HPRegen  0.09/turn              (no ring)
MPRegen  0.09/turn              (no ring)

@: no status effects
A: negative energy resistance 1, electricity resistance, unbreathing,
petrification resistance, rot immunity, AC +3
a: no special abilities


You were on level 2 of the Dungeon.
You were not hungry.

You visited 1 branch of the dungeon, and saw 2 of its levels.

You collected 32 gold pieces.

Inventory:

Hand Weapons
 a - a +0 quarterstaff (weapon)
Missiles
 d - 3 throwing nets (quivered)
Armour
 c - a +0 helmet (worn)
 g - a +0 ring mail (worn)
Scrolls
 i - a scroll of fog {unknown}
Potions
 b - a potion of haste {unknown}
 e - a potion of brilliance {unknown}
 h - a potion of resistance {unknown}
Comestibles
 f - 4 rations


   Skills:
 + Level 3.1 Fighting
 * Level 4.3 Staves
 - Level 1.7 Throwing
 - Level 2.4 Dodging


You had 3 spell levels left.
You didn't know any spells.
Your spell library was empty.

Dungeon Overview and Level Annotations

Branches:
Dungeon (2/15)

Altars:


Innate Abilities, Weirdness & Mutations

You are resistant to torment.
Your stone body is resilient. (AC +3)
You are immune to poison.
You resist negative energy. (rN+)
You are resistant to electric shocks. (rElec)
You can survive without breathing.
You are immune to petrification.
You are immune to rotting.


Message History

The gnoll is heavily wounded.
The gnoll hits you but does no damage. The gnoll closely misses you.
You barely miss the gnoll.
The gnoll is heavily wounded.
The gnoll hits you but does no damage.
You barely miss the gnoll.
The gnoll is heavily wounded.
The gnoll closely misses you.
You closely miss the gnoll.
The gnoll is heavily wounded.
The gnoll hits you.
* * * LOW HITPOINT WARNING * * *
You hit the gnoll.
You kill the gnoll!
You have reached level 4!
You feel clever.
You thump the gnoll!
The gnoll is severely wounded.
The gnoll hits you with a +0 flail.
You die...

.. #######.##### ...
........g...
...###.#.#..####
.....#...#..# # #
#.##.#.#..### # #.
#.##.###..#### #
#.###.#..........# .
#..##.#.......##.# #
#..@gg.<#......# #
#..##.#.#.##...... ...
#..#..#.#.##.#.#.# ...
#>................. #...
#....##...#......#. #..#
#....##...(....###
#..#####...).#....## ..
#######.................#
..........##.##+##.#...##


You could see 2 gnolls.

Vanquished Creatures
  2 gnolls
  An ooze (D:1)
  3 dart slugs (D:1)
  A leopard gecko (D:1)
  4 bats (D:1)
  2 giant cockroaches (D:1)
  2 goblins (D:1)
  5 hobgoblins
  2 jackals (D:1)
  A frilled lizard (D:1)
  4 kobolds (D:1)
  4 rats
31 creatures vanquished.

Notes
Turn   | Place    | Note
-------+----------+-------------------------------------------
     0 | D:1      | HoaS the Gargoyle Gladiator began the quest for the Orb.
     0 | D:1      | Reached XP level 1. HP: 12/12 MP: 1/1
   138 | D:1      | Reached XP level 2. HP: 13/18 MP: 2/2
   317 | D:1      | Reached XP level 3. HP: 19/22 MP: 3/3
   342 | D:1      | Reached skill level 4 in Staves
   690 | D:2      | Reached XP level 4. HP: 4/28 MP: 4/4
   691 | D:2      | Slain by a gnoll

Illustrated notes

Levels and vault maps discovered:
D:1:      dpeg_arrival_signposts, layout_basic
D:2:      layout_basic, nemelex_xobeh_ov_fountains_minmay

Skill      XL: |  1  2  3 |
---------------+----------+-----
Staves         | 4 |  4.3
Fighting       | 3 |  3.1
Throwing       | |  1.7
Dodging        | |  2.4

Action                   |  1- 3 |  4- 6 || total
-------------------------+-------+-------++-------
Melee: Quarterstaff      |    89 |     1 ||    90
  Use: Scroll            |     1 |       ||     1
Armor: Ring mail         |    46 |       ||    46
       Leather armour    |     5 |       ||     5
       Skin              |     1 |       ||     1
Dodge: Dodged            |    52 |       ||    52

Table legend:
 A = Non-vault XP
 B = Vault XP
 C = Vault XP percentage of total XP
 D = Non-vault monster count
 E = Vault monster count
 F = Vault count percentage of total count
                 A         B        C        D         E       F
            +---------+---------+-------+---------+---------+-------
      Total |      87 |       0 |   0.0 |      31 |       0 |   0.0
            +---------+---------+-------+---------+---------+-------
        D:1 |      69 |       0 |   0.0 |      27 |       0 |   0.0
        D:2 |      18 |       0 |   0.0 |       4 |       0 |   0.0
            +---------+---------+-------+---------+---------+-------
